AoeStats
← Jan Itor

MegaRandom

510071634Analyzed
4v4 RM · 2d ago on Sep 29, 2026· 27m 31s· 8 players
Game mode
Random Map
Map size
Large (8 player)
Population
200
Speed
Normal
Resources
Standard
Victory
Conquest
Starting age
Dark Age
Ending age
Imperial Age
RankedLock teamsTeams togetherTeam positionsShared explorationLock speedFull tech treeHidden civsTurbo modeCheats
Victory
Defeat
🇹🇼 Persians · Taiwan
2052
+3
🇹🇼 Vietnamese · Taiwan
2036
+3
🇹🇼 Varangians · Taiwan
2008
+5
🇹🇼 Saxons · Taiwan
1987
+5
🇩🇪 Gurjaras · Germany
1841
-7
🇳🇱 Lithuanians · Netherlands
1641
-3
🇦🇺 Japanese · Australia
1599
-3
🇨🇳 Saxons · China
1586
-3
ANKR.Navvy
8:44 Loom
10:54 Feudal Age
11:25 Double-Bit Axe
12:14 Town Watch
14:40 Fletching
18:58 Castle Age
18:38 Gold Mining
18:29 Horse Collar
19:06 Crossbowman
19:42 Bodkin Arrow
20:01 Bow Saw
24:16 Town Watch
G-Dragon
4:49 Loom
13:57 Feudal Age
14:59 Double-Bit Axe
15:25 Double-Bit Axe
17:50 Castle Age
15:37 Fishing Lines
16:22 Bloodlines
16:39 Scale Barding Armor
16:33 Gold Mining
16:54 Forging
17:06 Horse Collar
18:48 Medium Warships
18:29 Gillnets
18:41 Husbandry
19:58 Wheelbarrow
21:03 Heavy Plow
21:49 Hand Cart
26:04 Chain Barding Armor
27:19 Stone Mining
Rayz
9:38 Feudal Age
10:00 Double-Bit Axe
13:20 Fishing Lines
15:55 Wheelbarrow
18:55 Castle Age
17:54 Bloodlines
18:06 Gold Mining
19:17 Gillnets
19:45 Scale Barding Armor
20:00 Bow Saw
21:18 Chain Barding Armor
22:14 Forging
22:02 Loom
22:31 Husbandry
散步黑鵝
9:13 Loom
11:58 Feudal Age
13:11 Double-Bit Axe
14:40 Fletching
21:21 Castle Age
20:02 Gold Mining
22:25 Crossbowman
23:51 Bodkin Arrow
27:04 Ballistics
ResonanceFreq
7:10 Loom
9:36 Feudal Age
10:18 Double-Bit Axe
13:20 Fletching
16:54 Padded Archer Armor
23:25 Castle Age
21:46 Gold Mining
21:41 Horse Collar
24:02 Bodkin Arrow
23:29 Crossbowman
24:24 Bow Saw
26:00 Wheelbarrow
Komkommersla
6:55 Loom
11:45 Feudal Age
16:28 Castle Age
14:54 Double-Bit Axe
16:38 Scale Barding Armor
16:55 Bloodlines
27:53 Chain Barding Armor
张横
7:51 Loom
11:01 Feudal Age
14:52 Castle Age
13:10 Double-Bit Axe
14:04 Horse Collar
16:28 Fletching
Jan Itor
7:17 Loom
9:34 Feudal Age
11:02 Double-Bit Axe
11:08 Horse Collar
19:02 Castle Age
18:45 Scale Barding Armor
19:57 Bloodlines
20:06 Bow Saw
20:08 Forging
21:02 Chain Barding Armor
22:28 Husbandry
25:21 Wheelbarrow
26:34 Heavy Plow
Connection lost

Rejoining the realm…

Still unreachable

The connection could not be restored.

Session expired

The server has moved on; the page needs a fresh start.